 Dungeon Crawl Stone Soup version 0.20-a0-792-g09bcfd3 (webtiles) character file.

1114 GlassEater the Purveyor of Pain (level 8, -2/44 HPs)
             Began as a Kobold Necromancer on Mar 1, 2017.
             Was an Initiate of Kikubaaqudgha.
             Slain by a sky beast (5 damage)
             ... on level 5 of the Dungeon.
             The game lasted 00:26:54 (7750 turns).

GlassEater the Purveyor of Pain (KoNe)              Turns: 7750, Time: 00:26:54

Health: -2/44      AC:  3    Str:  5    XL:     8   Next: 60%
Magic:  11/16      EV: 17    Int: 19    God:    Kikubaaqudgha [......]
Gold:   195        SH:  0    Dex: 15    Spells: 0/18 levels left

rFire    + + .     SeeInvis .   e - +1 dagger (vamp)
rCold    . . .     Gourm    .   j - +0 robe
rNeg     . . .     Faith    .   (shield restricted)
rPois    .         Spirit   .   (no helmet)
rElec    .         Reflect  .   (no cloak)
rCorr    .         Harm     .   (no gloves)
MR       +....     Clarity  +   r - +0 pair of boots
Stlth    +++.......             (no amulet)
Regen    0.2/turn               p - ring of protection from fire
MPRegen  0.2/turn               n - ring of protection from magic

@: exhausted, very slightly contaminated, slowed, very slow
A: carnivore 3, clarity, fire resistance 1, mutation resistance 1
a: Renounce Religion


You were on level 5 of the Dungeon.
You worshipped Kikubaaqudgha.
Kikubaaqudgha was noncommittal.
You were not hungry.

You visited 2 branches of the dungeon, and saw 7 of its levels.

You collected 195 gold pieces.

Inventory:

Hand Weapons
 a - a +0 short sword of protection
 e - a +1 vampiric dagger (weapon)
Armour
 j - a +0 robe (worn)
 r - a +0 pair of boots (worn)
Jewellery
 n - a ring of protection from magic (left hand)
 p - a ring of protection from fire (right hand)
Wands
 g - a wand of clouds (5/9)
Scrolls
 f - 3 scrolls of remove curse
 h - 2 scrolls of enchant armour {unknown}
 i - a scroll of blinking {unknown}
 k - 2 scrolls of enchant weapon {unknown}
 q - 2 scrolls of random uselessness {unknown}
 s - a scroll of fear {unknown}
 v - a scroll of noise {unknown}
 y - 3 scrolls of teleportation {unknown}
Potions
 l - 4 potions of mutation
 m - a potion of flight
 o - 3 potions of curing
Books
 b - a book of Necromancy

   Spells                             Type                      Level
   a - Pain                           Necromancy                   1
   b - Animate Skeleton               Necromancy                   1
   c - Vampiric Draining              Necromancy                   3
   d - Regeneration                   Charms/Necromancy            3
   e - Animate Dead                   Necromancy                   4
   f - Control Undead                 Necromancy                   4
 x - a book of Misfortune

   Spells                             Type                      Level
   a - Confusing Touch                Hexes                        1
   b - Confuse                        Hexes                        3
   c - Gell's Gravitas                Translocation                3
   d - Petrify                        Transmutation/Earth          4
   e - Metabolic Englaciation         Hexes/Ice                    5
   f - Yara's Violent Unravelling     Hexes/Transmutation          5
Comestibles
 c - 4 meat rations
 d - a royal jelly


   Skills:
 + Level 2.1 Fighting
 + Level 4.2 Short Blades
 + Level 4.1 Dodging
 + Level 4.3 Stealth
 + Level 5.9 Spellcasting
 + Level 1.0 Hexes
 + Level 0.2 Charms
 + Level 6.5 Necromancy


You couldn't memorise any spells.
You knew the following spells:

 Your Spells              Type           Power        Failure   Level  Hunger
a - Pain                  Necr           ####         1%          1    None
b - Vampiric Draining     Necr           ####......   1%          3    ##.....
c - Regeneration          Chrm/Necr      ###.......   12%         3    ##.....
d - Animate Dead          Necr           N/A          10%         4    ####...
e - Control Undead        Necr           ####......   10%         4    ####...
f - Confuse               Hex            #.......     28%         3    ##.....


Dungeon Overview and Level Annotations

Branches:
Dungeon (6/15)             Temple (1/1) D:4

Altars:
Ashenzari
Cheibriados
Dithmenos
Elyvilon
Fedhas
Hepliaklqana
Kikubaaqudgha
Makhleb
Nemelex Xobeh
Qazlal
Ru
Trog
Uskayaw
Xom
Yredelemnul
Zin

Annotations:
D:6 drock42's ghost, novice HOFi


Innate Abilities, Weirdness & Mutations

You are small and have problems with some larger weapons.
You are carnivorous and can eat meat at any time.
You possess an exceptional clarity of mind.
Your flesh is heat resistant. (rF+)
You are somewhat resistant to further mutation.


Message History

You feel a strong urge to attack something.
There is an open door, spattered with blood here.
Things that are here:
a leather armour; a flail You see here a leather armour.
You are too berserk!
You are too berserk!
You feel your anger subside.
You are no longer berserk.
You are exhausted.
You feel yourself slow down.
You hit the sky beast but do no damage.
The crimson imp blinks!
The sky beast hits you.
* * * LOW HITPOINT WARNING * * *
The sky beast shocks you.
* * * LOW HITPOINT WARNING * * *
You barely miss the sky beast. The sky beast hits you.
* * * LOW HITPOINT WARNING * * *
The sky beast shocks you.
You die...
Kikubaaqudgha rasps: "You have failed me!
Welcome... death!"

...[...........)..........#
.....)....................#
#..##.....###)###..[ยง##..##
#############.###....#####
#...#.......# #...#.......#
##...#...).>.#
#....##Y##..## ####.##@#####
#......# #......# #......#
########


You could see a sky beast.

Vanquished Creatures
  Pikel (D:4)
  4 slaves
  3 ogres
  A howler monkey (D:4)
  An orc priest (D:5)
  3 orc wizards
  An iguana (D:3)
  3 worker ants
  5 adders
  An adder skeleton (D:4)
  A worm (D:2)
  A dart slug (D:1)
  6 leopard geckos
  12 orcs
  6 giant cockroaches
  10 goblins
  9 hobgoblins
  6 jackals
  5 kobolds
  2 quokkas (D:5)
  2 ball pythons (D:1)
  13 bats
  6 frilled lizards
  A leopard gecko skeleton (D:4)
  5 rats
108 creatures vanquished.

Vanquished Creatures (collateral kills)
  A hound skeleton (D:4)
  An orc (D:5)
2 creatures vanquished.

Grand Total: 110 creatures vanquished

Notes
Turn   | Place    | Note
-------+----------+-------------------------------------------
     0 | D:1      | GlassEater the Kobold Necromancer began the quest for the Orb.
     0 | D:1      | Reached XP level 1. HP: 10/10 MP: 3/3
   272 | D:1      | Reached XP level 2. HP: 15/15 MP: 3/5
   771 | D:1      | Reached XP level 3. HP: 19/19 MP: 4/6
  1322 | D:1      | Learned a level 3 spell: Vampiric Draining
  1326 | D:1      | Learned a level 3 spell: Regeneration
  1406 | D:1      | Reached XP level 4. HP: 10/24 MP: 2/8
  1973 | D:2      | Found a hazy altar of Hepliaklqana.
  3119 | D:3      | Reached skill level 5 in Necromancy
  3119 | D:3      | Reached XP level 5. HP: 24/28 MP: 0/10
  3230 | D:3      | Noticed an ogre
  3747 | D:3      | Learned a level 4 spell: Animate Dead
  4216 | D:4      | Found a snail-covered altar of Cheibriados.
  4456 | D:4      | Found a staircase to the Ecumenical Temple.
  4461 | Temple   | Entered the Ecumenical Temple
  4515 | D:4      | Reached skill level 1 in Short Blades
  4529 | D:4      | Found a shattered altar of Ashenzari.
  4530 | D:4      | Noticed an ogre
  4564 | D:4      | Killed an ogre
  4564 | D:4      | Reached skill level 1 in Fighting
  4564 | D:4      | Reached XP level 6. HP: 27/34 MP: 5/12
  4650 | D:4      | Noticed a phantom
  4674 | D:3      | Killed an ogre
  4674 | D:3      | Reached XP level 7. HP: 31/38 MP: 2/14
  4760 | D:3      | Learned a level 4 spell: Control Undead
  5652 | D:4      | Noticed Pikel
  5735 | D:4      | Killed Pikel
  5735 | D:4      | Reached skill level 5 in Spellcasting
  5735 | D:4      | Reached skill level 6 in Necromancy
  5735 | D:4      | Reached XP level 8. HP: 25/44 MP: 0/16
  5916 | D:4      | Found a shadowy altar of Dithmenos.
  6220 | D:4      | Gained mutation: You possess an exceptional clarity of mind. [potion of mutation]
  6220 | D:4      | Gained mutation: Your flesh is heat resistant. (rF+) [potion of mutation]
  6220 | D:4      | Gained mutation: You are somewhat resistant to further mutation. [potion of mutation]
  6248 | D:5      | Entered Level 5 of the Dungeon
  6311 | D:5      | Found a shimmering altar of Xom.
  6794 | D:5      | Learned a level 3 spell: Confuse
  7229 | D:5      | Reached skill level 1 in Hexes
  7505 | D:5      | Found an ancient bone altar of Kikubaaqudgha.
  7509 | D:5      | Became a worshipper of Kikubaaqudgha
  7685 | D:6      | Noticed drock42's ghost (novice HOFi)
  7695 | D:6      | HP: 2/44 [drock42's ghost (17)]
  7750 | D:5      | Slain by a sky beast

Vault maps used:
D:1:      dpeg_arrival_tiny_a
D:2:      lemuel_round_altar
D:3:      first_bread
D:4:      evilmike_ruin_ashenzari, cheibriados_altar_1,
          minmay_temple_entry_glassed_door, grunt_dithmenos_smoke_and_mirrors,
          uniq_pikel
D:5:      marbit_many_paths, lemuel_crystal_altar
Temple:   minmay_freezing_vapour_temple

Skill      XL: |  1  2  3  4  5  6  7  8 |
---------------+-------------------------+-----
Spellcasting   | 3 4 5 |  5.9
Stealth        | 3 4 |  4.3
Necromancy     | 5 6 |  6.5
Short Blades   | 2 3 4 |  4.2
Fighting       | 1 2 |  2.1
Dodging        | 3 4 |  4.1
Hexes          | 1 |  1.0
Charms         | |  0.2

Action                   |  1- 3 |  4- 6 |  7- 9 || total
-------------------------+-------+-------+-------++-------
Melee: Short sword       |     2 |    74 |   534 ||   610
       Dagger            |       |       |    77 ||    77
 Cast: Pain              |    54 |    87 |    58 ||   199
       Vampiric Draining |       |     3 |     7 ||    10
       Regeneration      |       |     1 |    14 ||    15
       Animate Dead      |       |       |     7 ||     7
       Control Undead    |       |       |     3 ||     3
       Confuse           |       |       |    22 ||    22
  Use: Scroll            |       |       |     9 ||     9
       Potion            |       |       |     8 ||     8
 Stab: Sleeping          |       |     2 |     3 ||     5
       Invisible         |       |       |     3 ||     3
       Distracted        |       |       |     2 ||     2
       Confused          |       |       |     1 ||     1
  Eat: Chunk             |    10 |    10 |    10 ||    30
       Royal jelly       |       |       |     1 ||     1
Armor: Robe              |     4 |    20 |   141 ||   165
Dodge: Dodged            |    19 |    94 |   465 ||   578
